 Dungeon Crawl Stone Soup version 0.25-a0-163-g00f8f0cddd (webtiles) character file.

Game seed: 8510319962093975364, levelgen mode: deterministic

183000 Ijustatesigmund the Blocker (level 18, -2/143 HPs)
             Began as a Gnoll Fighter on Nov 20, 2019.
             Was the Champion of Cheibriados.
             Killed from afar by a spriggan air mage (16 damage)
             ... with a bolt of lightning
             ... on level 2 of the Depths on Nov 22, 2019.
             The game lasted 01:16:26 (24784 turns).

Ijustatesigmund the Blocker (Gnoll Fighter)        Turns: 24784, Time: 01:16:28

Health: -2/143     AC: 28    Str: 42    XL:     18   Next: 36%
Magic:  25/33      EV: 23    Int: 26    God:    Cheibriados [******]
Gold:   2669       SH: 19    Dex: 36    Spells: 26/40 levels left

rFire    + + +     SeeInvis .   I - +5 demon blade (flame)
rCold    + + .     Gourm    .   c - +1 shield
rNeg     . . .     Faith    .   b - +7 plate armour of Purpose {Str+7}
rPois    .         Spirit   .   (helmet restricted)
rElec    .         Reflect  .   N - scarf {rC+ rF+}
rCorr    .         Harm     .   y - +0 pair of fencer's gloves {Riposte Dex+3}
MR       ++...                  Z - +2 pair of boots of Inevitability {Stlth+}
Stlth    +++.......             L - amulet of regeneration
HPRegen  2.13/turn              r - ring of Miahasui {+Blink +Fly rF+++ rC+ MR+ Int-5}
MPRegen  0.23/turn              l - +2 ring of slaying

@: about to teleport, flayed, singing, regenerating, very slow
A: distributed training, fangs 1, horns 1, thin skeletal structure 1,
regeneration 1, strong nose
a: Bend Time, Temporal Distortion, Slouch, Step From Time, Renounce Religion,
Evoke Blink, Evoke Flight


You were on level 2 of the Depths.
You worshipped Cheibriados.
Cheibriados was exalted by your worship.
You were hungry.

You visited 5 branches of the dungeon, and saw 26 of its levels.
You also visited: Ice Cave.

You collected 2763 gold pieces.
You spent 94 gold pieces at shops.

Inventory:

Hand Weapons
 I - a +5 demon blade of flaming (weapon)
Missiles
 w - 7 atropa-tipped darts
 C - 7 curare-tipped darts (quivered)
Armour
 b - the +7 plate armour of Purpose (worn) {Str+7}
   (You acquired it on level 8 of the Dungeon)

   It affects your strength (+7).
 c - a +1 shield (worn)
 v - a +2 helmet
 y - the +0 pair of fencer's gloves (worn) {Riposte Dex+3}
   (You acquired it on level 1 of the Depths)

   It affects your dexterity (+3).
 D - +0 ice dragon scales
 N - a scarf of resistance (worn)
 R - the +6 scale mail "Qofutaqeecw" {MR- Int+6 Slay+2}
   (You found it in an ice cave)

   It affects your intelligence (+6).
   It affects your accuracy and damage with ranged weapons and melee attacks
   (+2).
   It affects your resistance to hostile enchantments.
 Z - the +2 pair of boots of Inevitability (worn) {Stlth+}
   (You found it on level 4 of the Lair of Beasts)

   It makes you more stealthy.
Jewellery
 k - an uncursed ring of resist corrosion
 l - a +2 ring of slaying (right hand)
 r - the ring of Miahasui (left hand) {+Blink +Fly rF+++ rC+ MR+ Int-5}
   (You found it on level 6 of the Lair of Beasts)

   [ring of protection from magic]

   It affects your intelligence (-5).
   It renders you almost immune to fire.
   It protects you from cold.
   It affects your resistance to hostile enchantments.
   It lets you fly.
   It lets you blink.
 t - an uncursed ring of protection from cold
 G - an uncursed ring of positive energy
 L - an amulet of regeneration (around neck)
 P - an uncursed ring of see invisible
 W - the ring of the Mackerel {rPois rF+}
   (You found it in an ice cave)

   [ring of protection from fire]

   It protects you from fire.
   It protects you from poison.
Wands
 n - a wand of flame (34)
 x - a wand of scattershot (5)
 A - a wand of polymorph (31)
 E - a wand of iceblast (24)
 O - a wand of digging (3)
Scrolls
 a - 2 scrolls of immolation
 e - 15 scrolls of teleportation
 m - 19 scrolls of remove curse
 u - 6 scrolls of fear
 z - a scroll of magic mapping
 B - a scroll of summoning
 H - a scroll of silence
 K - 6 scrolls of amnesia
 M - 2 scrolls of holy word
 U - a scroll of enchant armour
 X - a scroll of fog
 Y - a scroll of identify
Potions
 d - 5 potions of might
 g - 2 potions of ambrosia
 h - 11 potions of curing
 i - 4 potions of brilliance
 j - 8 potions of agility
 o - a potion of invisibility
 p - 5 potions of flight
 q - 6 potions of magic
 s - a potion of cancellation
 F - 2 potions of heal wounds
 Q - 2 potions of mutation
 T - 2 potions of resistance
Comestibles
 f - 43 rations


   Skills:
 + Level 13.3 Fighting
 + Level 11.9 Short Blades
 + Level 11.9 Long Blades
 + Level 11.9 Axes
 + Level 12.6 Maces & Flails
 + Level 11.9 Polearms
 + Level 11.9 Staves
 + Level 11.9 Slings
 + Level 11.9 Bows
 + Level 11.9 Crossbows
 + Level 11.9 Throwing
 + Level 13.3 Armour
 + Level 11.9 Dodging
 + Level 11.9 Stealth
 + Level 13.3 Shields
 + Level 11.9 Unarmed Combat
 + Level 11.9 Spellcasting
 + Level 10.2 Conjurations
 + Level 10.2 Hexes
 + Level 10.2 Charms
 + Level 10.2 Summonings
 + Level 10.2 Necromancy
 + Level 10.2 Translocations
 + Level 10.2 Transmutations
 + Level 10.2 Fire Magic
 + Level 10.2 Ice Magic
 + Level 10.2 Air Magic
 + Level 10.2 Earth Magic
 + Level 10.2 Poison Magic
 + Level 12.9 Invocations
 + Level 11.9 Evocations


You had 26 spell levels left.
You knew the following spells:

 Your Spells              Type           Power        Failure   Level  Hunger
a - Magic Dart            Conj           ####         1%          1    None
b - Blink                 Tloc           N/A          1%          2    None
c - Regeneration          Chrm/Necr      ######....   1%          3    None
d - Song of Slaying       Chrm           ######..     1%          2    None
e - Freezing Cloud        Conj/Ice/Air   ######....   36%         6    #####..

Your spell library contained the following spells:

 Spells                   Type           Power        Failure   Level  Hunger
 Confusing Touch          Hex            ######       1%          1    None
 Infusion                 Chrm           ####         1%          1    None
 Call Imp                 Summ           ######..     1%          2    None
 Poisonous Vapours        Pois/Air       ######       1%          2    None
 Shroud of Golubria       Chrm/Tloc      ######       1%          2    None
 Slow                     Hex            ######..     1%          2    None
 Confuse                  Hex            ######..     1%          3    None
 Conjure Flame            Conj/Fire      ######..     1%          3    None
 Gell's Gravitas          Tloc           ######....   1%          3    None
 Mephitic Cloud           Conj/Pois/Air  ######..     1%          3    None
 Recall                   Summ/Tloc      N/A          1%          3    None
 Spectral Weapon          Hex/Chrm       ######..     1%          3    None
 Animate Dead             Necr           N/A          2%          4    None
 Cause Fear               Hex            ######....   2%          4    None
 Petrify                  Tmut/Erth      ######..     2%          4    None
 Summon Lightning Spire   Summ/Air       ######..     2%          4    None
 Aura of Abjuration       Summ           ######....   7%          5    ###....
 Borgnjor's Vile Clutch   Necr/Erth      ######....   7%          5    ###....
 Metabolic Englaciation   Hex/Ice        ######....   7%          5    ###....
 Summon Forest            Summ/Tloc      ######....   7%          5    ###....
 Yara's Violent Unravell  Hex/Tmut       ######....   7%          5    ###....
 Darkness                 Hex            ######....   36%         6    #####..
 Death Channel            Necr           ######....   36%         6    #####..
 Simulacrum               Ice/Necr       ######....   36%         6    #####..
 Ring of Flames           Chrm/Fire      ######....   91%         7    ######.
 Dragon's Call            Summ           ######....   100%        9    #######


Dungeon Overview and Level Annotations

Branches:
Dungeon (15/15)            Temple (1/1) D:6            Lair (6/6) D:11
  Swamp (0/4) Lair:2        Snake (0/4) Lair:3        Slime (0/5) Lair:5
    Orc (2/2) D:12            Elf (0/3) Orc:2        Vaults (0/5) D:14
 Depths (2/5) D:15          IceCv (visited)

Altars:
Ashenzari
Cheibriados
Dithmenos
Elyvilon
Fedhas
Gozag
Hepliaklqana
Kikubaaqudgha
Makhleb
Nemelex Xobeh
Okawaru
Qazlal
Ru
Sif Muna
Trog
Uskayaw
Vehumet
Wu Jian
Xom
Yredelemnul
Zin
The Shining One
Beogh
Jiyva

Shops:
D:4 *   D:13 [   Orc:1 (?[%   Orc:2 ?=(?

Portals:
Hell: Depths:1
Pandemonium: Depths:1

Annotations:
D:11 1 runed translucent door


Innate Abilities, Weirdness & Mutations

Your experience applies equally to all skills.
You have very sharp teeth.
Your uncanny sense of smell can sniff out nearby items.
You have a pair of small horns on your head.
You have a somewhat thin skeletal structure. (Dex +2, Stealth)
Your natural rate of healing is unusually fast.


Message History

The flayed ghost cries, "Feel what I felt!"
Terrible wounds open up all over your body!
* * * LOW HITPOINT WARNING * * *
As you read the scroll of teleportation, it crumbles to dust.
You feel strangely unstable.
The tentacled monstrosity tentacle-slaps you but does no damage.
The tentacled monstrosity tentacle-slaps you!
* * * LOW HITPOINT WARNING * * *
You block the tentacled monstrosity's attack.
The tentacled monstrosity grabs you.
* * * LOW HITPOINT WARNING * * *
The tentacled monstrosity constricts you!
The spriggan air mage hits you but does no damage.
Casting: Regeneration (safe; 1% risk of failure)
Confirm with . or Enter, or press ? or * to list all spells.
You escape the tentacled monstrosity's grasp.
You blink.
The spriggan air mage points at you and mumbles some strange words.
The bolt of lightning misses you. The bolt of lightning hits you!
You die...

.###))###.).######.....).........
## ###)†###...####...............
###).###...########.####)...
###§i###...### #.# #....
#CX#...###...####.# #####
#YVW##"#.#####...##.# #. #Oc#.#
#.#}[######....# #. .. #g
#.#....######..# #. #
#.#}##@.....#..########
#.#....######..#.......
#.#..######....#.#.....
#.#.#####......#.#.<...
[....###......###.#.....
...###..)[[.### #.#..#.#
.###...##()## #.####.#
###...####..# #.# #..
###...######..# #.# #..


You could see a spriggan air mage.

Vanquished Creatures
  2 liches (Depths:2)
  A sphinx (Depths:2)
  Kirke (D:15)
  A storm dragon (Depths:2)
  2 tengu reavers
  4 fire giants
  4 frost giants
  An orc warlord (Orc:2)
  6 stone giants
  6 very ugly things (Depths:1)
  Nessos (Lair:4)
  2 vampire knights
  A dire elephant (Lair:6)
  4 spark wasps (Depths:2)
  5 ettins
  A merfolk impaler (Depths:1)
  A yaktaur captain (D:14)
  Josephine (D:12)
  The ghost of Biesutadghu the Fighter, a journeyman GrWz of Gozag (Lair:2)
  2 great orbs of eyes
  2 ice dragons (Depths:1)
  A death knight (D:13)
  Erolcha (D:13)
  A merfolk avatar (Lair:6)
  10 hydras
  An anaconda (Lair:6)
  7 deep troll earth magi
  7 deep troll shamans
  3 tengu warriors (Depths:2)
  4 centaur warriors
  5 two-headed ogres
  3 ogre magi
  A vampire mage (Depths:1)
  6 death yaks
  2 hell knights (Depths:2)
  5 orc high priests
  3 skeletal warriors (D:14)
  A golden dragon zombie (Depths:1)
  15 deep trolls
  2 unseen horrors
  A harpy (Lair:6)
  5 orc knights
  Pikel (D:5)
  4 lindwurms (D:9)
  3 necromancers
  2 wizards
  6 orc sorcerers
  2 wolf spiders
  15 ugly things
  A mana viper (shapeshifter) (Depths:2)
  4 oklob plants (Lair:6)
  2 fire giant zombies (Depths:1)
  3 cyclopes
  4 manticores
  A cyclops (shapeshifter) (Depths:2)
  A deep elf mage (D:15)
  A frost giant zombie (Depths:1)
  12 elephants
  A rust devil (D:8)
  4 black mambas
  3 centaur zombies
  A frost giant skeleton (Depths:1)
  An ice statue (IceCv)
  10 spiny frogs
  A gargoyle (D:13)
  A naga mage (D:15)
  17 yaktaurs
  2 freezing wraiths (D:13)
  An efreet (D:13)
  8 rime drakes
  A tengu conjurer (Depths:2)
  5 komodo dragons
  A red devil (D:8)
  11 trolls
  A meliai (shapeshifter) (Depths:2)
  23 polar bears
  A jumping spider (shapeshifter) (D:13)
  A wind drake (Lair:6)
  2 hornets (Lair:6)
  2 meliai zombies (D:14)
  12 hippogriffs
  14 blink frogs
  An ice dragon zombie (Depths:1)
  An iron dragon simulacrum (Depths:1)
  A snapping turtle (shapeshifter) (Depths:2)
  9 slime creatures
  A spriggan zombie (Depths:1)
  2 shadows
  A centaur simulacrum (D:15)
  Sigmund (D:3)
  A spriggan (D:7)
  5 water elementals (Depths:1)
  7 wraiths
  29 yaks
  14 wyverns
  7 hogs (D:15)
  A human (shapeshifter) (D:14)
  4 vampires
  5 basilisks
  5 wargs (Orc:1)
  Edmund (D:5)
  10 water moccasins
  8 porcupines
  A hell hound (D:13)
  53 orc warriors
  3 black bears
  2 eyes of draining
  5 ice beasts
  An ice beast (shapeshifter) (Depths:2)
  A hornet zombie (D:15)
  4 sky beasts
  An ettin simulacrum (Depths:1)
  3 phantoms
  14 ogres
  2 necrophages
  5 boggarts (Depths:1)
  33 wolves
  14 centaurs
  19 crocodiles
  A big kobold (D:10)
  Blork the orc (D:4)
  16 bullfrogs
  7 scorpions
  7 howler monkeys
  An electric eel (Lair:5)
  7 wights (D:9)
  13 crimson imps
  A bullfrog zombie (D:5)
  2 quasits
  33 orc priests
  3 jellies
  4 centaur skeletons
  7 hounds
  24 orc wizards
  2 bullfrog skeletons
  An iron imp (Depths:1)
  6 iguanas
  12 worker ants
  A killer bee zombie (D:5)
  A howler monkey zombie (D:6)
  14 adders
  9 shadow imps
  A white imp (D:12)
  An adder zombie (D:9)
  A worm (D:2)
  A dart slug (D:1)
  7 leopard geckos
  125 orcs
  A ball python (D:2)
  7 hobgoblins
  13 jackals
  11 quokkas
  A ball python zombie (D:5)
  5 bats
  3 frilled lizards
  7 goblins
  15 kobolds
  A leopard gecko skeleton (D:4)
  A quokka skeleton (D:4)
  8 rats
  A spectral orc (D:6)
  A plant (D:14)
978 creatures vanquished.

Vanquished Creatures (others)
  A deep troll (Depths:1)
  2 slaves (D:5)
  An orc priest (D:5)
  An orc wizard (D:5)
  A giant cockroach (D:5)
  A bush (Lair:5)
  14 fungi
  32 plants
53 creatures vanquished.

Grand Total: 1031 creatures vanquished

Notes
Turn   | Place    | Note
-------+----------+-------------------------------------------
     0 | D:1      | Ijustatesigmund the Gnoll Fighter began the quest for the
                  | Orb.
     0 | D:1      | Reached XP level 1. HP: 23/23 MP: 1/1
    76 | D:1      | Reached XP level 2. HP: 28/29 MP: 2/2
  1028 | D:2      | Reached XP level 3. HP: 35/35 MP: 3/3
  1286 | D:2      | Found a shattered altar of Ashenzari.
  1311 | D:2      | Reached skill level 1 in Invocations
  1447 | D:2      | Reached skill level 1 in Short Blades
  1447 | D:2      | Reached skill level 1 in Long Blades
  1447 | D:2      | Reached skill level 1 in Axes
  1447 | D:2      | Reached skill level 1 in Polearms
  1447 | D:2      | Reached skill level 1 in Staves
  1447 | D:2      | Reached skill level 1 in Slings
  1447 | D:2      | Reached skill level 1 in Bows
  1447 | D:2      | Reached skill level 1 in Crossbows
  1447 | D:2      | Reached skill level 1 in Throwing
  1447 | D:2      | Reached skill level 1 in Dodging
  1447 | D:2      | Reached skill level 1 in Stealth
  1447 | D:2      | Reached skill level 1 in Unarmed Combat
  1447 | D:2      | Reached skill level 1 in Spellcasting
  1447 | D:2      | Reached skill level 1 in Evocations
  1447 | D:2      | Reached XP level 4. HP: 39/41 MP: 5/5
  1493 | D:2      | Noticed a centaur
  1497 | D:2      | Killed a centaur
  1497 | D:2      | Reached skill level 1 in Conjurations
  1497 | D:2      | Reached skill level 1 in Hexes
  1497 | D:2      | Reached skill level 1 in Charms
  1497 | D:2      | Reached skill level 1 in Summonings
  1497 | D:2      | Reached skill level 1 in Necromancy
  1497 | D:2      | Reached skill level 1 in Translocations
  1497 | D:2      | Reached skill level 1 in Transmutations
  1497 | D:2      | Reached skill level 1 in Fire Magic
  1497 | D:2      | Reached skill level 1 in Ice Magic
  1497 | D:2      | Reached skill level 1 in Air Magic
  1497 | D:2      | Reached skill level 1 in Earth Magic
  1497 | D:2      | Reached skill level 1 in Poison Magic
  1497 | D:2      | Reached XP level 5. HP: 43/47 MP: 5/7
  2074 | D:3      | Noticed Sigmund
  2077 | D:3      | Noticed a necrophage
  2084 | D:3      | Killed Sigmund
  2084 | D:3      | Reached skill level 5 in Maces & Flails
  2084 | D:3      | Reached XP level 6. HP: 47/53 MP: 7/9
  2089 | D:3      | Killed a necrophage
  2089 | D:3      | Reached XP level 7. HP: 52/59 MP: 7/10
  2380 | D:3      | Found an ancient bone altar of Kikubaaqudgha.
  2713 | D:4      | Noticed Blork the orc
  2721 | D:4      | Killed Blork the orc
  2865 | D:4      | Found Lixtiula's Assorted Antiques.
  2871 | D:4      | Bought a cyan potion for 22 gold pieces
  3135 | D:4      | HP: 3/60 [orc priest/divine providence (15)]
  3138 | D:4      | Reached XP level 8. HP: 28/67 MP: 12/12
  3630 | D:5      | Entered Level 5 of the Dungeon
  3982 | D:5      | Noticed Pikel
  3997 | D:5      | Killed Pikel
  3997 | D:5      | Reached XP level 9. HP: 6/71 MP: 12/14
  4322 | D:5      | Noticed Edmund
  4335 | D:5      | Killed Edmund
  4682 | D:6      | Found a sparkling altar of Nemelex Xobeh.
  4767 | D:6      | Gained mutation: You have a somewhat thin skeletal
                  | structure. (Dex +2, Stealth) [potion of mutation]
  4767 | D:6      | Gained mutation: You have a pair of small horns on your
                  | head. [potion of mutation]
  4767 | D:6      | Gained mutation: Your natural rate of healing is unusually
                  | fast. [potion of mutation]
  4816 | D:6      | Found a staircase to the Ecumenical Temple.
  4852 | Temple   | Entered the Ecumenical Temple
  4942 | Temple   | Became a worshipper of Cheibriados the Contemplative
  5016 | D:6      | Noticed a troll
  5031 | D:6      | Killed a troll
  5163 | D:6      | Found a basalt altar of Yredelemnul.
  5580 | D:7      | Reached * piety under Cheibriados
  5596 | D:7      | Reached skill level 5 in Invocations
  5784 | D:7      | Found a hide-covered altar of Uskayaw.
  5872 | D:7      | Reached XP level 10. HP: 79/79 MP: 17/17
  6369 | D:8      | Found a hazy altar of Hepliaklqana.
  6372 | D:8      | Learned a level 1 spell: Magic Dart
  6375 | D:8      | Learned a level 2 spell: Blink
  6377 | D:8      | Reached skill level 5 in Short Blades
  6377 | D:8      | Reached skill level 5 in Long Blades
  6377 | D:8      | Reached skill level 5 in Axes
  6377 | D:8      | Reached skill level 5 in Polearms
  6377 | D:8      | Reached skill level 5 in Staves
  6377 | D:8      | Reached skill level 5 in Slings
  6377 | D:8      | Reached skill level 5 in Bows
  6377 | D:8      | Reached skill level 5 in Crossbows
  6377 | D:8      | Reached skill level 5 in Throwing
  6377 | D:8      | Reached skill level 5 in Dodging
  6377 | D:8      | Reached skill level 5 in Stealth
  6377 | D:8      | Reached skill level 5 in Unarmed Combat
  6377 | D:8      | Reached skill level 5 in Spellcasting
  6377 | D:8      | Reached skill level 5 in Evocations
  6399 | D:8      | Found a basalt altar of Yredelemnul.
  6399 | D:8      | Noticed a rust devil
  6399 | D:8      | Noticed a rust devil
  6401 | D:8      | Noticed a hell beast
  6498 | D:8      | Killed a rust devil
  6498 | D:8      | Reached ** piety under Cheibriados
  6726 | D:8      | Identified a scroll of acquirement
  6735 | D:8      | Got a jewelled plate armour
  6741 | D:8      | Identified the +7 plate armour of Purpose {Str+7} (You
                  | acquired it on level 8 of the Dungeon)
  7527 | D:9      | Reached *** piety under Cheibriados
  7644 | D:9      | Noticed a lindwurm
  7648 | D:9      | Noticed a lindwurm
  7648 | D:9      | Noticed a lindwurm
  7649 | D:9      | Noticed a lindwurm
  7656 | D:9      | Killed a lindwurm
  7663 | D:9      | Killed a lindwurm
  7663 | D:9      | Reached XP level 11. HP: 56/86 MP: 19/19
  7669 | D:9      | Killed a lindwurm
  7674 | D:9      | Killed a lindwurm
  7721 | D:10     | Entered Level 10 of the Dungeon
  7758 | D:10     | Reached skill level 5 in Conjurations
  7758 | D:10     | Reached skill level 5 in Hexes
  7758 | D:10     | Reached skill level 5 in Charms
  7758 | D:10     | Reached skill level 5 in Summonings
  7758 | D:10     | Reached skill level 5 in Necromancy
  7758 | D:10     | Reached skill level 5 in Translocations
  7758 | D:10     | Reached skill level 5 in Transmutations
  7758 | D:10     | Reached skill level 5 in Fire Magic
  7758 | D:10     | Reached skill level 5 in Ice Magic
  7758 | D:10     | Reached skill level 5 in Air Magic
  7758 | D:10     | Reached skill level 5 in Earth Magic
  7758 | D:10     | Reached skill level 5 in Poison Magic
  8037 | D:10     | Reached **** piety under Cheibriados
  8291 | D:10     | Killed an unseen horror
  8601 | D:11     | Found a white marble altar of Elyvilon.
  8718 | D:11     | Found a staircase to the Lair.
  8854 | D:11     | Noticed a five-headed hydra
  8864 | D:11     | Killed a five-headed hydra
  8888 | D:11     | Noticed a brown ugly thing
  8888 | D:11     | Noticed a two-headed ogre
  8888 | D:11     | a two-headed ogre changed into a redback
  8889 | D:11     | Noticed a four-headed hydra
  8891 | D:11     | Found a runed translucent door.
  8891 | D:11     | Noticed a centaur warrior
  8892 | D:11     | Noticed an ogre mage
  8892 | D:11     | Noticed a two-headed ogre
  8892 | D:11     | a redback changed into a two-headed ogre
  8893 | D:11     | a two-headed ogre changed into a water nymph
  8913 | D:11     | Killed an unseen horror
  8927 | D:11     | Noticed a green ugly thing
  8934 | D:11     | Killed a green ugly thing
  9276 | D:12     | Reached XP level 12. HP: 70/95 MP: 22/22
  9283 | D:12     | Reached ***** piety under Cheibriados
  9436 | D:12     | Found a staircase to the Orcish Mines.
  9516 | D:12     | Noticed Josephine
  9528 | D:12     | Killed Josephine
 10301 | D:13     | Noticed Erolcha
 10301 | D:13     | Noticed a death knight
 10321 | D:13     | Killed a death knight
 10328 | D:13     | Killed Erolcha
 10534 | D:13     | Reached skill level 10 in Fighting
 10534 | D:13     | Reached skill level 10 in Armour
 10534 | D:13     | Reached skill level 10 in Shields
 10681 | D:13     | Found Juirch Doepy's Armour Shop.
 10899 | D:13     | Noticed a centaur warrior
 10908 | D:13     | Killed a centaur warrior
 11044 | D:13     | Noticed a centaur warrior
 11051 | D:13     | Killed a centaur warrior
 11051 | D:13     | Reached XP level 13. HP: 83/103 MP: 24/24
 11424 | Lair:1   | Entered Level 1 of the Lair of Beasts
 11425 | Lair:1   | Upgraded the game from 0.25-a0-110-ge29c8f2358 to
                  | 0.25-a0-160-gd1d2e81aba
 11526 | Lair:1   | Reached ****** piety under Cheibriados
 12444 | Lair:2   | Found a staircase to the Swamp.
 12849 | Lair:2   | Found a large runed translucent door.
 12849 | Lair:2   | Found a large runed translucent door.
 12854 | Lair:2   | Noticed Biesutadghu's ghost (journeyman GrWz)
 12866 | Lair:2   | Killed Biesutadghu's ghost
 13552 | Lair:3   | Found a stormy altar of Qazlal.
 13651 | Lair:3   | Found a staircase to the Snake Pit.
 14218 | Lair:4   | Found a frozen archway.
 14224 | IceCv    | Entered an ice cave
 14732 | IceCv    | Reached XP level 14. HP: 111/111 MP: 26/26
 15058 | IceCv    | Noticed a frost giant
 15071 | IceCv    | Killed a frost giant
 15071 | IceCv    | Reached skill level 10 in Maces & Flails
 15105 | IceCv    | Identified the +6 scale mail "Qofutaqeecw" {MR- Int+6
                  | Slay+2} (You found it in an ice cave)
 15111 | IceCv    | Got a slimy turquoise ring
 15115 | IceCv    | Identified the ring of the Mackerel {rPois rF+} (You found
                  | it in an ice cave)
 15430 | Lair:4   | Learned a level 3 spell: Regeneration
 15433 | Lair:4   | Learned a level 2 spell: Song of Slaying
 15550 | Lair:4   | Got a smoking war axe
 15551 | Lair:4   | Identified the +7 war axe of the Well-Known Beggars {flame,
                  | MR+ Dex+2} (You found it on level 4 of the Lair of Beasts)
 15635 | Lair:4   | Noticed Nessos
 15636 | Lair:4   | Killed Nessos
 15662 | Lair:4   | Got a pair of translucent boots
 15673 | Lair:4   | Identified the +2 pair of boots of Inevitability {Stlth+}
                  | (You found it on level 4 of the Lair of Beasts)
 16124 | Lair:5   | Reached skill level 10 in Invocations
 16165 | Lair:5   | Identified the Volume of Enchanting Lightness
 16649 | Lair:5   | Found a viscous altar of Jiyva.
 16650 | Lair:5   | Found a staircase to the Slime Pits.
 16706 | Lair:6   | Entered Level 6 of the Lair of Beasts
 16871 | Lair:6   | Noticed a dire elephant
 16984 | Lair:6   | Killed a dire elephant
 17002 | Lair:6   | Reached XP level 15. HP: 117/119 MP: 28/28
 17110 | Lair:6   | Got a twitching bronze ring
 17112 | Lair:6   | Identified the ring of Miahasui {+Blink +Fly rF+++ rC+ MR+
                  | Int-5} (You found it on level 6 of the Lair of Beasts)
 17115 | Lair:6   | Identified the Compendium of the Captivating Entourage
 17710 | Orc:1    | Entered Level 1 of the Orcish Mines
 17784 | Orc:1    | Found a roughly hewn altar of Beogh.
 17792 | Orc:1    | Found Ydghint's Antique Weapon Emporium.
 17869 | Orc:1    | Found Qylim's Magic Scroll Emporium.
 17882 | Orc:1    | Bought a scroll of teleportation for 36 gold pieces
 17882 | Orc:1    | Bought a scroll of teleportation for 36 gold pieces
 18201 | Orc:1    | Found Gohisa's Antique Armour Shoppe.
 18237 | Orc:1    | Found Taatroupoe's Food Shop.
 18263 | Orc:2    | Entered Level 2 of the Orcish Mines
 18266 | Orc:2    | Reached skill level 10 in Short Blades
 18266 | Orc:2    | Reached skill level 10 in Long Blades
 18266 | Orc:2    | Reached skill level 10 in Axes
 18266 | Orc:2    | Reached skill level 10 in Polearms
 18266 | Orc:2    | Reached skill level 10 in Staves
 18266 | Orc:2    | Reached skill level 10 in Slings
 18266 | Orc:2    | Reached skill level 10 in Bows
 18266 | Orc:2    | Reached skill level 10 in Crossbows
 18266 | Orc:2    | Reached skill level 10 in Throwing
 18266 | Orc:2    | Reached skill level 10 in Dodging
 18266 | Orc:2    | Reached skill level 10 in Stealth
 18266 | Orc:2    | Reached skill level 10 in Unarmed Combat
 18266 | Orc:2    | Reached skill level 10 in Spellcasting
 18266 | Orc:2    | Reached skill level 10 in Evocations
 18346 | D:11     | Noticed a titan
 18346 | D:11     | Noticed an iron giant
 18346 | D:11     | a titan changed into an iron giant
 18347 | D:11     | Noticed a golden dragon
 18347 | D:11     | an iron giant changed into a golden dragon
 18350 | D:11     | Noticed a shadow dragon
 18350 | D:11     | a shadow dragon changed into an iron troll
 18356 | D:11     | Noticed a fire giant
 18356 | D:11     | a fire giant changed into a stone giant
 18357 | D:11     | Noticed a sphinx
 18357 | D:11     | a stone giant changed into a sphinx
 18358 | D:11     | Noticed a frost giant
 18358 | D:11     | a sphinx changed into a frost giant
 18358 | D:11     | a frost giant changed into an iron troll
 18359 | D:11     | Noticed an azure jelly
 18359 | D:11     | an iron troll changed into an azure jelly
 19156 | Orc:2    | Found a roughly hewn altar of Beogh.
 19357 | Orc:2    | Found Zupn's Magic Scroll Emporium.
 19373 | Orc:2    | Found Zoycan's Weapon Shoppe.
 19601 | Orc:2    | Noticed an orc warlord
 19604 | Orc:2    | Found a roughly hewn altar of Beogh.
 19614 | Orc:2    | Killed an orc warlord
 19662 | Orc:2    | Found Jaosuov's Magic Scroll Emporium.
 19748 | Orc:2    | Found Feliupy's Jewellery Shop.
 19987 | Orc:2    | Identified the cursed +0 scimitar of Accord {antimagic,
                  | rF+} (You found it on level 2 of the Orcish Mines)
 20064 | Orc:2    | Found a staircase to the Elven Halls.
 20485 | D:14     | Reached XP level 16. HP: 127/127 MP: 26/30
 20551 | D:14     | Identified the +0 helmet "Vifid" {+Fly rCorr Str+3 Dex+4}
                  | (You found it on level 14 of the Dungeon)
 20990 | D:14     | Found a gate to the Vaults.
 21093 | D:15     | Entered Level 15 of the Dungeon
 21169 | D:15     | Noticed Kirke
 21184 | D:15     | Killed Kirke
 21429 | D:15     | Found a shimmering altar of Xom.
 21518 | D:15     | Found a staircase to the Depths.
 22034 | Depths:1 | Entered Level 1 of the Depths
 22302 | Depths:1 | Noticed a tengu reaver
 22314 | Depths:1 | Killed a tengu reaver
 22434 | Depths:1 | Found a one-way gate leading to the halls of Pandemonium.
 22522 | Depths:1 | Reached XP level 17. HP: 125/135 MP: 32/32
 23247 | Depths:1 | Found a glowing golden altar of the Shining One.
 23431 | Depths:1 | Found the +0 pair of fencer's gloves {Riposte Dex+3}
 23450 | Depths:1 | Found a gateway to Hell.
 23904 | Depths:2 | Upgraded the game from 0.25-a0-160-gd1d2e81aba to
                  | 0.25-a0-163-g00f8f0cddd
 24077 | Depths:2 | Noticed a lich
 24086 | Depths:2 | Killed a lich
 24152 | Depths:2 | Reached skill level 10 in Conjurations
 24152 | Depths:2 | Reached skill level 10 in Hexes
 24152 | Depths:2 | Reached skill level 10 in Charms
 24152 | Depths:2 | Reached skill level 10 in Summonings
 24152 | Depths:2 | Reached skill level 10 in Necromancy
 24152 | Depths:2 | Reached skill level 10 in Translocations
 24152 | Depths:2 | Reached skill level 10 in Transmutations
 24152 | Depths:2 | Reached skill level 10 in Fire Magic
 24152 | Depths:2 | Reached skill level 10 in Ice Magic
 24152 | Depths:2 | Reached skill level 10 in Air Magic
 24152 | Depths:2 | Reached skill level 10 in Earth Magic
 24152 | Depths:2 | Reached skill level 10 in Poison Magic
 24304 | Depths:2 | Reached XP level 18. HP: 143/143 MP: 33/33
 24346 | Depths:2 | Learned a level 6 spell: Freezing Cloud
 24741 | Depths:2 | Identified the ring "Wieb" {rF+ Str+3}
 24760 | Depths:2 | Noticed a lich
 24773 | Depths:2 | Noticed a Brimstone Fiend
 24781 | Depths:2 | Killed a lich
 24782 | Depths:2 | Noticed a tentacled monstrosity
 24784 | Depths:2 | Killed from afar by a spriggan air mage

Levels and vault maps discovered:
D:1:      dpeg_arrival_fog, layout_basic, serial_bayou_pond_a,
          minmay_misc_feat_plants, minmay_hexomino_p4
D:2:      layout_loops_ring, first_ration, nicolae_ashenzari_panopticon
D:3:      layout_basic, old_standard_altar, minmay_misc_feat_rows, uniq_sigmund
D:4:      minmay_general_purpose_star, layout_loops_ring, serial_shops, shop,
          uniq_blork_the_orc
D:5:      layout_loops_ring, minmay_between, uniq_pikel, uniq_edmund
D:6:      layout_rooms, yredelemnul_forgotten_temple_becter,
          minmay_temple_entry_sparse_star, basic_altar, dk_noncrumbling_3
D:7:      layout_loops_cross, kennysheep_mini, the_bakery
D:8:      layout_basic, lemuel_doored_altar, lemuel_hellish_altar
D:9:      layout_loops_ring, minmay_lindwurm_lava
D:10:     layout_cave_pods, serial_rivers, chequers_serial_rivers_micro_e,
          chequers_serial_rivers_micro_b, chequers_serial_rivers_large_b,
          chequers_serial_rivers_small_b
D:11:     layout_basic, grunt_lair_entry_orc_guard_hut, minmay_st_funbox,
          elyvilon_altar_5
D:12:     layout_basic, orc_0_dummy, minmay_nine_imps, uniq_josephine
D:13:     layout_loops_corners, serial_shops, shop, uniq_erolcha
D:14:     layout_roguey [special_room_mythical_zoo], david_vaults_2,
          serial_bayou_shore_b, grunt_ministairs_6
D:15:     grunt_enter_depths_magical_seal, layout_gridville, basic_altar,
          uniq_kirke
Temple:   hc_temple_tempest_star
Lair:1:   layout_concentric_octagons
Lair:2:   layout_layer_cave, swamp_mist, ebering_ghost_disaster_area
Lair:3:   layout_cave_pods, dummy_snake_entry, basic_altar,
          infiniplex_staircase_pool
Lair:4:   layout_cave_shapes, portal_ice_cave_entry_pillars_2, uniq_nessos
Lair:5:   minmay_lair_venomous_thicket, layout_gridlike,
          dpeg_slime_entry_enclosed_altar, serial_bayou_shore_a
Lair:6:   gammafunk_lair_ancient_temple, layout_concentric_octagons,
          minmay_lair_oklob_chamber
Orc:1:    cheibrodos_orc_bank, layout_diamond_mine, serial_shops, shop, shop,
          shop, shop, basic_altar
Orc:2:    pubby_orc_utopia
Depths:1: layout_basic, hangedman_glass_teeth, rand_demon_pan_entry_5,
          grunt_hell_entry_dis_old, chequers_big_river, nrook_mini_backslash,
          tso_altar, firewood_loft
Depths:2: minmay_the_grid_triangle_9x9_recursive_3_mashed
          [minmay_the_grid_triangle_9x9_impossible_snake,
          minmay_the_grid_triangle_9x9_thin_v,
          minmay_the_grid_triangle_9x9_swiss_cheese,
          minmay_the_grid_triangle_9x9_prize_insulated,
          minmay_the_grid_triangle_9x9_windchime,
          minmay_the_grid_triangle_9x9_alien,
          minmay_the_grid_triangle_9x9_minimal,
          minmay_the_grid_triangle_9x9_longest,
          minmay_the_grid_triangle_9x9_cache], layout_basic, hell_entry,
          nicolae_benzene_ring, infiniplex_staircase_door_maze

Skill      XL: |  1  2  3  4  5  6  7  8  9 10 11 12 13 14 15 16 17 |
---------------+----------------------------------------------------+-----
Invocations    | 1 2 3 4 5 6 7 8 9 10 11 12 | 12.9
Short Blades   | 1 2 3 4 5 6 7 8 9 10 11 | 11.9
Long Blades    | 1 2 3 4 5 6 7 8 9 10 11 | 11.9
Axes           | 1 2 3 4 5 6 7 8 9 10 11 | 11.9
Polearms       | 1 2 3 4 5 6 7 8 9 10 11 | 11.9
Staves         | 1 2 3 4 5 6 7 8 9 10 11 | 11.9
Slings         | 1 2 3 4 5 6 7 8 9 10 11 | 11.9
Bows           | 1 2 3 4 5 6 7 8 9 10 11 | 11.9
Crossbows      | 1 2 3 4 5 6 7 8 9 10 11 | 11.9
Throwing       | 1 2 3 4 5 6 7 8 9 10 11 | 11.9
Dodging        | 1 2 3 4 5 6 7 8 9 10 11 | 11.9
Stealth        | 1 2 3 4 5 6 7 8 9 10 11 | 11.9
Unarmed Combat | 1 2 3 4 5 6 7 8 9 10 11 | 11.9
Spellcasting   | 1 2 3 4 5 6 7 8 9 10 11 | 11.9
Evocations     | 1 2 3 4 5 6 7 8 9 10 11 | 11.9
Conjurations   | 1 2 3 4 5 6 7 8 9 10 | 10.2
Hexes          | 1 2 3 4 5 6 7 8 9 10 | 10.2
Charms         | 1 2 3 4 5 6 7 8 9 10 | 10.2
Summonings     | 1 2 3 4 5 6 7 8 9 10 | 10.2
Necromancy     | 1 2 3 4 5 6 7 8 9 10 | 10.2
Translocations | 1 2 3 4 5 6 7 8 9 10 | 10.2
Transmutations | 1 2 3 4 5 6 7 8 9 10 | 10.2
Fire Magic     | 1 2 3 4 5 6 7 8 9 10 | 10.2
Ice Magic      | 1 2 3 4 5 6 7 8 9 10 | 10.2
Air Magic      | 1 2 3 4 5 6 7 8 9 10 | 10.2
Earth Magic    | 1 2 3 4 5 6 7 8 9 10 | 10.2
Poison Magic   | 1 2 3 4 5 6 7 8 9 10 | 10.2
Maces & Flails | 5 6 7 8 9 10 11 12 | 12.6
Fighting       | 7 8 9 10 11 12 13 | 13.3
Armour         | 7 8 9 10 11 12 13 | 13.3
Shields        | 7 8 9 10 11 12 13 | 13.3

Action                   |  1- 3 |  4- 6 |  7- 9 | 10-12 | 13-15 | 16-18 || total
-------------------------+-------+-------+-------+-------+-------+-------++-------
Melee: Flail             |   106 |    68 |   356 |   508 |   435 |       ||  1473
       Bite              |     9 |     9 |    51 |    97 |   205 |   163 ||   534
       Headbutt          |       |       |    34 |   196 |   383 |   280 ||   893
       Whip              |       |       |    10 |       |       |       ||    10
       War axe           |       |       |       |       |    75 |       ||    75
       Demon blade       |       |       |       |       |   516 |   627 ||  1143
Throw: Dart              |       |       |       |     4 |     3 |     3 ||    10
 Cast: Magic Dart        |       |       |       |     1 |       |       ||     1
       Song of Slaying   |       |       |       |       |     6 |    10 ||    16
       Regeneration      |       |       |       |       |     3 |     5 ||     8
       Blink             |       |       |       |       |       |     1 ||     1
Invok: Bend Time         |       |       |       |     1 |       |       ||     1
       Slouch            |       |       |       |       |     2 |     4 ||     6
 Abil: Evoke Flight      |       |       |       |       |     3 |       ||     3
       Stop Flying       |       |       |       |       |     1 |       ||     1
Evoke: Wand              |       |       |     3 |     6 |    17 |     3 ||    29
  Use: Scroll            |     5 |     5 |    14 |    11 |    16 |     7 ||    58
       Potion            |       |       |     4 |     4 |     3 |       ||    11
 Stab: Paralysed         |       |       |       |     2 |       |       ||     2
       Distracted        |       |       |       |       |     4 |       ||     4
       Sleeping          |       |       |       |       |    16 |     6 ||    22
  Eat: Chunk             |     2 |     2 |    20 |     4 |    11 |     3 ||    42
       Ration            |       |       |     1 |       |     2 |     2 ||     5
Armor: Scale mail        |    29 |       |       |       |       |       ||    29
       Plate armour      |    23 |    47 |   206 |   225 |   268 |   195 ||   964
Dodge: Dodged            |    28 |    19 |    63 |   188 |   568 |   339 ||  1205
Block: Shield            |    61 |    44 |   207 |   401 |   966 |   544 ||  2223
       Rpst.: Demon blade |       |       |       |       |    69 |    77 ||   146

Table legend:
 A = Non-vault XP
 B = Vault XP
 C = Vault XP percentage of total XP
 D = Non-vault monster count
 E = Vault monster count
 F = Vault count percentage of total count
                 A         B        C        D         E       F
            +---------+---------+-------+---------+---------+-------
      Total |  174190 |   95811 |  35.5 |     609 |     369 |  37.7
            +---------+---------+-------+---------+---------+-------
        D:1 |      22 |       8 |  26.7 |      14 |       4 |  22.2
        D:2 |     179 |       0 |   0.0 |      22 |       0 |   0.0
        D:3 |     271 |     212 |  43.9 |      33 |       1 |   2.9
        D:4 |     379 |     214 |  36.1 |      14 |       2 |  12.5
        D:5 |     486 |     847 |  63.5 |      13 |       4 |  23.5
        D:6 |    1231 |       1 |   0.1 |      23 |       1 |   4.2
        D:7 |    1100 |     211 |  16.1 |      28 |       1 |   3.4
        D:8 |     823 |     821 |  49.9 |      14 |       2 |  12.5
        D:9 |    1785 |    2578 |  59.1 |      34 |       4 |  10.5
       D:10 |    2622 |       0 |   0.0 |      33 |       0 |   0.0
       D:11 |    2692 |     743 |  21.6 |       9 |       6 |  40.0
       D:12 |    3407 |    2502 |  42.3 |      19 |      15 |  44.1
       D:13 |   10002 |    1636 |  14.1 |      39 |       4 |   9.3
       D:14 |   12623 |    8879 |  41.3 |      41 |      28 |  40.6
       D:15 |    1732 |    7705 |  81.6 |       7 |      17 |  70.8
     Lair:1 |    2757 |       0 |   0.0 |      14 |       0 |   0.0
     Lair:2 |    3677 |    1060 |  22.4 |      18 |       1 |   5.3
     Lair:3 |    3309 |       0 |   0.0 |      18 |       0 |   0.0
     Lair:4 |    6284 |    1288 |  17.0 |      15 |       1 |   6.2
     Lair:5 |    6877 |    1718 |  20.0 |      18 |       8 |  30.8
     Lair:6 |   12710 |   12264 |  49.1 |      30 |      32 |  51.6
      Orc:1 |    6379 |     919 |  12.6 |      35 |      16 |  31.4
      Orc:2 |       0 |   19520 | 100.0 |       0 |     147 | 100.0
   Depths:1 |   58809 |      84 |   0.1 |      81 |       2 |   2.4
   Depths:2 |   34034 |   18914 |  35.7 |      37 |      16 |  30.2
      IceCv |       0 |   13687 | 100.0 |       0 |      57 | 100.0
            +---------+---------+-------+---------+---------+-------
